 Dungeon Crawl Stone Soup version 0.17-a0-1558-g9d24de5 (webtiles) character file.

252 beeflord the Sneak (level 5, 0/24 HPs)
             Began as a Spriggan Enchanter on July 20, 2015.
             Slain by a gnoll
             ... wielding a +0 spear
              (6 damage)
             ... on level 2 of the Dungeon.
             The game lasted 00:31:41 (2997 turns).

beeflord the Sneak (Spriggan Enchanter)             Turns: 2997, Time: 00:31:41

Health: 0/24       AC:  3    Str:  5    XL:     5   Next: 89%
Magic:  9/10       EV: 18    Int: 17    God:
Gold:   204        SH:  0    Dex: 16    Spells: 2 memorised, 7 levels left

rFire  . . .     SeeInvis +     v - +1 dagger (flame)
rCold  . . .     Clarity  .     b - +1 robe
rNeg   . . .     SustAt   .     (shield restricted)
rPois  .         Gourm    .     (helmet restricted)
rElec  .         Spirit   .     (no cloak)
rCorr  .         Warding  .     (gloves unavailable)
rMut   .         Stasis   .     (boots unavailable)
MR     .....                    (no amulet)
Stlth  ++++......               (no ring)
                                (no ring)

@: very slightly contaminated, very quick, not resistant to hostile
enchantments, stealthy
A: unfitting armour, see invisible, herbivore 3, speed 3, slow metabolism 2
a: no special abilities


You were on level 2 of the Dungeon.
You were not hungry.

You visited 1 branch of the dungeon, and saw 3 of its levels.

You collected 204 gold pieces.

Inventory:

Hand weapons
 v - a +1 dagger of flaming (weapon)
 w - a +0 hunting sling
Missiles
 k - 168 stones (quivered)
 n - 13 bolts
 q - 40 sling bullets
 t - 18 arrows
Armour
 b - a +1 robe (worn)
 s - a +0 robe
Scrolls
 g - 3 scrolls of identify {unknown}
 h - 4 scrolls of remove curse {unknown}
 i - 2 scrolls of enchant weapon {unknown}
 r - 2 scrolls of fog {unknown}
 u - a scroll of recharging {unknown}
Potions
 a - a potion of agility {unknown}
 e - a potion of might {unknown}
 j - a potion of resistance {unknown}
 l - a potion of heal wounds {unknown}
 o - a potion of curing {unknown}
 p - a potion of mutation {unknown}
 x - 2 potions of brilliance {unknown}
 z - a potion of magic {unknown}
Books
 c - a book of Maledictions

   Spells                             Type                      Level
   a - Corona                         Hexes                        1
   b - Ensorcelled Hibernation        Hexes/Ice                    2
   c - Confuse                        Hexes                        3
   d - Tukima's Dance                 Hexes                        3
   e - Dazzling Spray                 Conjuration/Hexes            3
 y - a book of the Sky

   Spells                             Type                      Level
   a - Summon Lightning Spire         Summoning/Air                4
   b - Airstrike                      Air                          4
   c - Silence                        Hexes/Air                    5
   d - Deflect Missiles               Charms/Air                   6
   e - Conjure Ball Lightning         Conjuration/Air              6
   f - Tornado                        Air                          9
Comestibles
 d - 3 bread rations
 f - 4 fruits
 m - a slice of pizza


   Skills:
 + Level 4.1 Short Blades
 - Level 3.0 Dodging
 + Level 7.2 Stealth
 - Level 3.0 Spellcasting
 - Level 4.7 Hexes


You had 7 spell levels left.
You knew the following spells:

 Your Spells              Type           Power        Failure   Level  Hunger
a - Corona                Hex            ###....      2%          1    None
b - Ensorcelled Hibernat  Hex/Ice        ##....       12%         2    ##.....


Dungeon Overview and Level Annotations

Branches:
Dungeon (3/15)

Altars:


Innate Abilities, Weirdness & Mutations

You are tiny and cannot use many weapons and most armour.
You have supernaturally acute eyesight.
You are a herbivore.
You cover ground extremely quickly.
You need consume almost no food.


Message History

There is a stone staircase leading up here.
The hobgoblin barely misses you.
You climb upwards.
There is a stone staircase leading down here.
You hit the hobgoblin but do no damage. The hobgoblin hits you with a club.
You hit the hobgoblin. You burn the hobgoblin.
You kill the hobgoblin!
No target in view!
You climb downwards.
The gnoll hits you with a spear! The orc closely misses you.
There is a stone staircase leading up here.
The gnoll closely misses you. The orc hits you with a dagger.
You climb upwards.
There is a stone staircase leading down here.
The gnoll hits you but does no damage. The orc hits you with a dagger.
* * * LOW HITPOINT WARNING * * *
Items here: )) †† a club; a short sword; a hobgoblin corpse; a kobold corpse The gnoll hits you from afar with a spear.
You die...

###...#.........###.##.......##..
.##<.............##..#..)....##..
.#.......................)....#..
.....###########.....#.....##....
##.#..#########.............###..
##......................(....###)
....#####'####...............# #.
......#.....##go.............# #.
......#..#..##>)@....(.......# #.
....>.#.###.##...............# #.
......#.†#..###.............## #.
......#.....# ##.....#.....## #.
......####### ############# #.
....### ## #####


You could see a gnoll and an orc.

Vanquished Creatures
  Sigmund (D:3)
  2 gnolls
  4 adders
  An ooze (D:3)
  8 goblins
  6 hobgoblins
  A quokka (D:2)
  2 bats (D:1)
  A giant newt (D:1)
  2 jackals (D:2)
  8 kobolds
  4 rats
  2 fungi (D:1)
42 creatures vanquished.

Notes
Turn   | Place    | Note
--------------------------------------------------------------
     0 | D:1      | beeflord the Spriggan Enchanter began the quest for the Orb.
     0 | D:1      | Reached XP level 1. HP: 9/9 MP: 5/5
   300 | D:1      | Reached XP level 2. HP: 13/13 MP: 7/7
   658 | D:1      | Learned a level 2 spell: Ensorcelled Hibernation
  1534 | D:2      | Reached XP level 3. HP: 16/16 MP: 8/8
  2102 | D:2      | Reached skill level 5 in Stealth
  2213 | D:3      | Noticed Sigmund
  2463 | D:3      | Killed Sigmund
  2463 | D:3      | Reached skill level 6 in Stealth
  2463 | D:3      | Reached XP level 4. HP: 21/21 MP: 4/9
  2463 | D:3      | Reached XP level 5. HP: 24/24 MP: 4/10
  2634 | D:2      | Reached skill level 7 in Stealth
  2997 | D:2      | Slain by a gnoll

Vault maps used:
D:1:      dpeg_arrival_erosion, minmay_gold_behind_fungi
D:2:      grunt_ministairs_2, minmay_misc_feat_roman, kennysheep_generic_room_13
D:3:      st_stairs_6, uniq_sigmund

Action                   |  1- 3 |  4- 6 || total
-------------------------+-------+-------++-------
Melee: Dagger            |   117 |    23 ||   140
 Fire: Hunting sling     |    18 |       ||    18
Throw: Stone             |     7 |     3 ||    10
 Cast: Ensorcelled Hiber |     8 |     7 ||    15
 Stab: Sleeping          |    13 |     2 ||    15
       Distracted        |     1 |       ||     1
  Eat: Fruit             |       |     1 ||     1
